 Dungeon Crawl Stone Soup version 0.26-a0-466-g989023bd0d (webtiles) character file.

Game seed: 11551580752560779879

325 vurker the Chiller (level 6, -6/41 HPs)
             Began as an Octopode Ice Elementalist on Aug 8, 2020.
             Mangled by an ogre
             ... wielding a +0 giant spiked club
              (27 damage)
             ... on level 4 of the Dungeon.
             The game lasted 00:04:55 (4779 turns).

vurker the Chiller (Octopode Ice Elementalist)      Turns: 4779, Time: 00:04:56

Health: -6/41      AC:  1    Str:  8    XL:     6   Next: 48%
Magic:  9/12       EV: 13    Int: 19    God:
Gold:   172        SH:  0    Dex: 12    Spells: 1/13 levels left

rFire    . . .     SeeInvis .   b - +1 dagger (elec)
rCold    . . .     Faith    .   (no shield)
rNeg     . . .     Spirit   .   (helmet restricted)
rPois    .         Reflect  .   (no amulet)
rElec    .         Harm     .   (no ring)
rCorr    .                      (no ring)
MR       .....                  (no ring)
Stlth    +++.......             (no ring)
HPRegen  0.13/turn              (no ring)
MPRegen  0.13/turn              (no ring)
                                (no ring)
                                (no ring)

@: frozen ramparts
A: almost no armour, stealthy swim, amphibious, 8 rings, constrict 8, camouflage
1, gelatinous body 1
a: no special abilities


You were on level 4 of the Dungeon.
You visited 1 branch of the dungeon, and saw 5 of its levels.

You collected 172 gold pieces.

Inventory:

Hand Weapons
 a - a +2 dagger of venom
   (You took it off an orc wizard on level 3 of the Dungeon)
 b - a +1 dagger of electrocution (weapon)
   (You took it off an orc on level 3 of the Dungeon)
Scrolls
 c - 4 scrolls of identify {unknown}
 d - a scroll of noise {unknown}
 f - a scroll of fear {unknown}
 h - a scroll of teleportation {unknown}
 i - 2 scrolls of blinking {unknown}
 k - 2 scrolls of remove curse {unknown}
 l - 2 scrolls of magic mapping {unknown}
 m - a scroll of immolation {unknown}
 A - 2 scrolls of enchant weapon {unknown}
Potions
 e - 3 potions of curing {unknown}
 g - 2 potions of lignification {unknown}
 j - 3 potions of stabbing {unknown}


   Skills:
 + Level 2.4 Fighting
 - Level 2.0 Dodging
 - Level 2.6 Stealth
 * Level 4.0 Spellcasting
 * Level 1.1 Conjurations
 * Level 0.2 Summonings
 * Level 5.5 Ice Magic


You had one spell level left.
You knew the following spells:

 Your Spells              Type           Power        Failure   Level
a - Freeze                Ice            ####         1%          1
b - Frozen Ramparts       Ice            ####..       4%          3
c - Hailstorm             Conj/Ice       ###.....     34%         4
d - Summon Ice Beast      Ice/Summ       ##......     38%         4

Your spell library contained the following spells:

 Spells                   Type           Power        Failure   Level
 Ozocubu's Armour         Ice            ####....     4%          3


Dungeon Overview and Level Annotations

Branches:
Dungeon (5/15)
 Temple: D:4-7

Altars:
Fedhas
Trog
Wu Jian


Innate Abilities, Weirdness & Mutations

You cannot wear most types of armour.
You are very stealthy in the water. (Stealth+)
You are amphibious.
You can wear up to eight rings at the same time.
You can use your tentacles to constrict eight enemies at once.
Your skin changes colour to match your surroundings (Stealth+).
Your rubbery body absorbs attacks. (AC +1, EV +1)


Message History

You hit the ogre.
A water moccasin skeleton comes into view.
The ogre closely misses you.
You barely miss the ogre. You squeeze the ogre. The ogre misses you.
A scorpion comes into view.
You hit the ogre. Your squeeze misses the ogre. The ogre barely misses you.
You hit the ogre. You hit the ogre but do no damage.
The ogre hits you with a +0 giant club.
You hit the ogre. Your squeeze misses the ogre.
The ogre hits you with a +0 giant club!!
* * * LOW HITPOINT WARNING * * *
The ogre falls through a shaft!
The shaft crumbles and collapses.
The water moccasin skeleton bites you!
* * * LOW HITPOINT WARNING * * *
There is a stone staircase leading up here.
The water moccasin skeleton misses you.
You climb upwards.
There is a stone staircase leading down here.
There is a stone staircase leading down here.
You start resting.
You climb downwards. 4 orcs, an orc wizard, an ogre and a skeleton come into view.
The orc shouts!
The orc wizard shouts!
The orc shouts!
The ogre shouts!
The orc wizard points at you and mumbles some strange words.
The magic dart hits you.
You hear an angry hiss.
Found a bubbling cyan potion.
Found a stone staircase leading up.
There is a stone staircase leading up here.
You hear a loud, deep croak!
The orc wizard gestures wildly while chanting.
The orc wizard blinks!
You climb upwards.
There is a stone staircase leading down here.
There is a stone staircase leading down here.
You climb downwards.
The orc hits you with a +0 club.
The ogre hits you with a +0 giant spiked club!
Found a ring mail.
There is a stone staircase leading up, spattered with blood here.
Unknown command.
Unknown command.
The orc hits you with a +0 club.
* * * LOW HITPOINT WARNING * * *
You climb upwards.
There is a stone staircase leading down here.
The walls around you are covered in ice.
The wall freezes the orc.
The orc closely misses you.
The wall freezes the ogre.
The ogre hits you with a +0 giant spiked club!!
Ouch! That really hurt!
You die...

.....>.# #.# ######## ##
####..####.# #.......#
##.###### #.# #.######### #####
###.##......# #...######
#...##.####.##########.........
#.........#.#O@o........####.##
#...##......#o######.##.##.....
####...####.###.# #.##.#......
........#
#.###.######....#......
####...##
#..................._.. ##.##
#####.##.###..#.#...... #.#
#.##.###..#.#...†.. #.#
#.........#.##..... ##)##
#.###.##..#.####.##


You could see an ogre and 2 orcs.

Vanquished Creatures
  An ogre (D:4)
  Jessica (D:2)
  2 orc wizards (D:3)
  A worker ant (D:4)
  Robin (D:2)
  3 adders
  An adder skeleton (D:4)
  A worm (D:2)
  A dart slug (D:2)
  3 leopard geckos
  10 orcs (D:3)
  2 bats (D:1)
  4 giant cockroaches
  18 goblins
  4 hobgoblins
  2 jackals (D:1)
  10 kobolds
  3 quokkas (D:4)
  9 frilled lizards
  8 rats
85 creatures vanquished.

Vanquished Creatures (others)
  A plant (D:2)
1 creature vanquished.

Grand Total: 86 creatures vanquished

Notes
Turn   | Place    | Note
-------+----------+-------------------------------------------
     0 | D:1      | vurker the Octopode Ice Elementalist began the quest for
                  | the Orb.
     0 | D:1      | Reached XP level 1. HP: 11/11 MP: 3/3
   501 | D:1      | Reached XP level 2. HP: 14/18 MP: 5/5
  1098 | D:1      | Reached XP level 3. HP: 22/22 MP: 6/6
  1106 | D:1      | Learned a level 3 spell: Frozen Ramparts
  1127 | D:1      | Reached skill level 1 in Fighting
  1482 | D:2      | Noticed Jessica
  1490 | D:2      | Killed Jessica
  1490 | D:2      | Reached XP level 4. HP: 24/28 MP: 4/8
  1696 | D:2      | Found a blossoming altar of Fedhas.
  2305 | D:2      | Noticed Robin
  2319 | D:2      | Killed Robin
  2319 | D:2      | Reached skill level 5 in Ice Magic
  2319 | D:2      | Reached XP level 5. HP: 31/34 MP: 2/9
  3441 | D:4      | Learned a level 4 spell: Hailstorm
  3476 | D:4      | Noticed an ogre
  3500 | D:4      | Killed an ogre
  3500 | D:4      | Reached skill level 1 in Conjurations
  3500 | D:4      | Reached XP level 6. HP: 18/40 MP: 6/11
  3506 | D:4      | Learned a level 4 spell: Summon Ice Beast
  3695 | D:4      | Found an ornate altar of the Wu Jian Council.
  3979 | D:4      | Found a bloodstained altar of Trog.
  4500 | D:5      | Entered Level 5 of the Dungeon
  4779 | D:4      | Mangled by an ogre

Illustrated notes

Levels and vault maps discovered:
D:1:      minmay_arrival_solitary_statue, layout_basic
D:2:      layout_rooms, fedhas_altar_1, serial_rivers,
          chequers_serial_rivers_micro_d, chequers_serial_rivers_large_b,
          chequers_serial_rivers_micro_d, chequers_serial_rivers_small_3,
          chequers_serial_rivers_micro_a, hex_tiny, kennysheep_generic_room_9,
          uniq_robin, uniq_jessica
D:3:      layout_basic, nicolae_overflow_hidden_temple
D:4:      layout_loops_corners, old_standard_altar, lemuel_statue_altar
D:5:      layout_cave_pools, lightli_temple_of_fire, temple_hall

Skill      XL: |  1  2  3  4  5  6 |
---------------+-------------------+-----
Fighting       | 1 2 |  2.4
Spellcasting   | 3 4 |  4.0
Ice Magic      | 5 |  5.5
Conjurations   | 1 |  1.1
Dodging        | |  2.0
Stealth        | |  2.6
Summonings     | |  0.2

Action                   |  1- 3 |  4- 6 || total
-------------------------+-------+-------++-------
Melee: Unarmed           |    14 |       ||    14
       Constrict         |    19 |    15 ||    34
       Dagger            |    55 |    90 ||   145
       Tentacles         |    10 |     6 ||    16
 Cast: Freeze            |     2 |    21 ||    23
       Frozen Ramparts   |     1 |     7 ||     8
 Stab: Sleeping          |     6 |     9 ||    15
Armor: Skin              |     5 |     6 ||    11
Dodge: Dodged            |    42 |    54 ||    96

Table legend: (Time is in decaauts)
 A = Elapsed time spent in this place.
 B = Non-inter-level travel time spent in this place.
 C = Inter-level travel time spent in this place.
 D = Time resting spent in this place.
 E = Time spent auto-exploring this place.
 F = Levels seen in this place.
 G = Mean time per level.
                   A        B        C        D        E       F      G
               +--------+--------+--------+--------+--------+-----+--------+
         Total |   4758 |   4577 |    181 |    226 |   3793 |   5 |  951.6 |
       Dungeon |   4758 |   4577 |    181 |    226 |   3793 |   5 |  951.6 |
               +--------+--------+--------+--------+--------+-----+--------+

Top non-repeatable levels by time:
     D:1: 1330 daAuts
     D:4: 1324 daAuts
     D:2: 1127 daAuts
     D:3: 955 daAuts
     D:5: 20 daAuts
